 Dungeon Crawl Stone Soup version 0.29-a0-356-g7bc237e783 (webtiles) character file.

Game seed: 3156477704826927518

568 zeratav the Conjurer (level 7, -2/41 HPs)
             Began as an Octopode Conjurer on Apr 26, 2022.
             Slain by Duvessa
             ... wielding a +0 short sword
              (8 damage)
             ... on level 4 of the Dungeon.
             The game lasted 00:08:58 (4097 turns).

zeratav the Conjurer (Octopode Conjurer)            Turns: 4097, Time: 00:08:59

Health: -2/41      AC:  1    Str:  6    XL:     7   Next: 33%
Magic:  1/12       EV: 13    Int: 23    God:
Gold:   196        SH:  0    Dex: 10    Spells: 6/13 levels left

rFire   . . .      SeeInvis .   h - +0 short sword (elec) {short}
rCold   . . .      Faith    .   (no shield)
rNeg    . . .      Spirit   .   w - +0 hat
rPois   .          Reflect  .   f - amulet of the acrobat
rElec   .          Harm     .   (no ring)
rCorr   .          Rampage  .   (no ring)
Will    .....                   (no ring)
Stlth   +++.......              (no ring)
HPRegen 0.13/turn               (no ring)
MPRegen 0.13/turn               (no ring)
                                (no ring)
                                (no ring)

@: no status effects
A: almost no armour, amphibious, 8 rings, camouflage 1, gelatinous body 1,
(nimble swimmer 1), tentacles
a: no special abilities


You were on level 4 of the Dungeon.
You visited 1 branch of the dungeon, and saw 4 of its levels.

You collected 196 gold pieces.


Innate Abilities, Weirdness & Mutations

You cannot wear most types of armour.
You are amphibious.
You can wear up to eight rings at the same time.
Your skin changes colour to match your surroundings (Stealth+).
Your rubbery body absorbs attacks. (AC +1, EV +1)
((You are camouflaged when in or above water. (Stealth+)))
You have tentacles for arms and can constrict up to eight enemies at once.


   Skills:
 - Level 2.0 Dodging
 - Level 2.6 Stealth
 + Level 3.9 Spellcasting
 * Level 6.7 Conjurations
 + Level 3.5 Translocations


You had 6 spell levels left.
You knew the following spells:

 Your Spells              Type           Power      Damage    Failure   Level
a - Magic Dart            Conj           100%       1d8       1%          1
b - Searing Ray           Conj           70%        2d7       1%          2
c - Iskenderun's Mystic   Conj/Tloc      28%        2d7       13%         4

Your spell library contained the following spells:

 Spells                   Type           Power      Damage    Failure   Level
 Dazzling Flash           Conj/Hex       40%        N/A       8%          3
 Portal Projectile        Hex/Tloc       24%        N/A       16%         3
 Fulminant Prism          Conj/Hex       10%        3d9       26%         4
 Call Canine Familiar     Summ           4%         N/A       32%         3
 Ozocubu's Armour         Ice            4%         N/A       32%         3
 Leda's Liquefaction      Hex/Erth       2%         N/A       71%         4
 Dispersal                Tloc           10%        N/A       98%         6
 Ozocubu's Refrigeration  Ice            2%         4d5       100%        7
 Disjunction              Tloc           10%        N/A       100%        8

Inventory:

Hand Weapons
 h - a +0 short sword of electrocution (weapon) {short}
   (You found it on level 1 of the Dungeon)
Armour
 w - a +0 hat (worn)
   (You found it on level 4 of the Dungeon)
Jewellery
 f - an amulet of the acrobat (around mantle)
   (You found it on level 1 of the Dungeon)
Wands
 q - a wand of iceblast (9)
   (You found it on level 3 of the Dungeon)
Scrolls
 d - 2 scrolls of amnesia {unknown}
 i - 5 scrolls of teleportation {unknown}
 n - a scroll of enchant weapon
 o - a scroll of enchant armour
 p - 2 scrolls of vulnerability {unknown}
 r - a scroll of magic mapping {!r}
 s - a scroll of fog
Potions
 a - 2 potions of magic
 b - a potion of might {unknown}
 c - 7 potions of curing {unknown}
 e - a potion of heal wounds {unknown}
 g - 2 potions of invisibility {unknown}
 k - 2 potions of lignification {unknown}
 t - a potion of berserk rage {unknown}
 u - a potion of flight {unknown}

Dungeon Overview and Level Annotations

Branches:
Dungeon (4/15)
 Temple: D:4-7

Altars:

Annotations:
D:4 Duvessa

#.# #.##### #. #.#
#.....# #. #.#
#####.# #. ##.######
#.# #.
######.......## #.#
#. #.......###...#
#.# #.
#.#####.###.#.###
###.###.
#.#.†.#...###
#..#....
#.#.##@##.>.#
#.#.####
#.#...#e..#.####.#.##
#.#.#...### ##......#
#.#...... .....#.##.#
#.....).....####.##.#
###.##.###. #.##.# #.
#. .. #.##.## #. #.
.# #.#...# #. #
#.#...#


You could see Duvessa (berserk).


Message History

The magic dart hits Dowan!
MP[-1]
You lost 1 mp, and now have 10/12 mp.
The magic dart hits Dowan.
MP[-1]
You lost 1 mp, and now have 9/12 mp.
The magic dart hits Dowan.
Dowan casts a spell at you. The puff of flame hits you!
HP[-8] MP[-1]
You take 8 damage, and now have 33/41 hp.
You lost 1 mp, and now have 8/12 mp.
The magic dart hits Dowan but does no damage.
Dowan gestures at you while chanting. The puff of flame hits you.
HP[-5] MP[-1]
You take 5 damage, and now have 28/41 hp.
You lost 1 mp, and now have 7/12 mp.
Casting: Magic Dart (safe; 1% risk of failure)
Confirm with . or Enter, or press ? or * to list all spells.
Aiming: Searing Ray (safe; 1% risk of failure)
Press: ? - help, Shift-Dir - straight line, f/p - Dowan
Aim: Dowan, wielding a +0 dagger and wearing a +0 robe (severely wounded, unusually resistant, 73% to hit)
The searing ray hits Dowan!
You kill Dowan!
You hear a distant scream of rage. (Press . to maintain the ray.) MP[-2]
You lost 2 mp, and now have 5/12 mp.
Duvessa, Sister of Dowan comes into view.
She is wielding a +0 short sword.
HP[+11] MP[+7]
You regained 11 hp, and now have 39/41 hp.
Your mp is fully restored (12).
Unknown command.
Casting: Searing Ray (safe; 1% risk of failure)
Confirm with . or Enter, or press ? or * to list all spells.
Aiming: Magic Dart (safe; 1% risk of failure)
Press: ? - help, Shift-Dir - straight line, f - Duvessa
Aim: Duvessa, wielding a +0 short sword and wearing a +0 ring mail (wandering, hasn't noticed you, 100% to hit)
The magic dart hits Duvessa.
Duvessa shouts!
Duvessa goes berserk!
HP[+1] MP[-1]
You lost 1 mp, and now have 11/12 mp.
You hear a shout!
The magic dart hits Duvessa.
MP[-1]
You lost 1 mp, and now have 10/12 mp.
Casting: Magic Dart (safe; 1% risk of failure)
Confirm with . or Enter, or press ? or * to list all spells.
The spell is quite dangerous to miscast (13% risk of failure)!
Continue anyway?
Okay, then.
The magic dart hits Duvessa but does no damage.
Duvessa rages.
Duvessa closely misses you.
MP[-1]
You lost 1 mp, and now have 9/12 mp.
Casting: Magic Dart (safe; 1% risk of failure)
Confirm with . or Enter, or press ? or * to list all spells.
The spell is quite dangerous to miscast (13% risk of failure)!
Continue anyway?
You erupt in a blast of force!
The mystic blast hits Duvessa!
Duvessa is knocked back by the mystic blast.
Duvessa slams into the rock wall!
MP[-4]
You lost 4 mp, and now have 5/12 mp.
Casting: Iskenderun's Mystic Blast (quite dangerous; 13% risk of failure)
Confirm with . or Enter, or press ? or * to list all spells.
The spell is quite dangerous to miscast (13% risk of failure)!
Continue anyway?
You erupt in a blast of force!
The mystic blast hits Duvessa!
Duvessa is knocked back by the mystic blast.
Duvessa slams into the rock wall!
Duvessa hits you with a +0 short sword!
HP[-16] MP[-4]
You take 16 damage, and now have 24/41 hp.
MASSIVE DAMAGE!! (PAUSE)
You lost 4 mp, and now have 1/12 mp.
Casting: Iskenderun's Mystic Blast (quite dangerous; 13% risk of failure)
Confirm with . or Enter, or press ? or * to list all spells.
Aiming: Magic Dart (safe; 1% risk of failure)
Press: ? - help, Shift-Dir - straight line, f/p - Duvessa
Aim: Duvessa, wielding a +0 short sword and wearing a +0 ring mail (heavily wounded, berserk, 100% to hit)
The magic dart hits Duvessa but does no damage.
Duvessa barely misses you.
MP[-1]
You lost 1 mp, and now have 0/12 mp.
You hit Duvessa but do no damage. You grab Duvessa.
You constrict Duvessa, but do no damage.
Duvessa barely misses you. Duvessa misses you.
MP[+1]
You completely miss Duvessa. You squeeze Duvessa, but do no damage.
You constrict Duvessa. Duvessa hits you with a +0 short sword!
* * * LOW HITPOINT WARNING * * *
Duvessa hits you with a +0 short sword!
* * * LOW HITPOINT WARNING * * *
HP[-18]
You take 18 damage, and now have 6/41 hp.
MASSIVE DAMAGE!! (PAUSE)
You hit Duvessa but do no damage. You squeeze Duvessa.
You constrict Duvessa, but do no damage.
Duvessa hits you with a +0 short sword!
You die...

Skill      XL: |  1  2  3  4  5  6 |
---------------+-------------------+-----
Translocations | 1 2 3 |  3.5
Conjurations   | 5 6 |  6.7
Spellcasting   | 3 |  3.9
Dodging        | |  2.0
Stealth        | |  2.6

Action                   |  1- 3 |  4- 6 |  7- 9 || total
-------------------------+-------+-------+-------++-------
Melee: Mace              |     3 |       |       ||     3
       Constrict         |     3 |     3 |     1 ||     7
       Short sword       |     7 |     9 |     3 ||    19
       Tentacles         |     2 |     2 |     2 ||     6
 Cast: Magic Dart        |    77 |    76 |    16 ||   169
       Searing Ray       |       |     6 |     2 ||     8
       Iskenderun's Myst |       |     2 |     2 ||     4
  Use: Scroll            |       |       |     7 ||     7
Armor: Skin              |       |     6 |       ||     6
Dodge: Dodged            |     6 |    11 |     6 ||    23

Levels and vault maps discovered:
D:1:      co_arrival_square_in_a_square_in_a_square, layout_rooms,
          chequers_ecumenical_altar_simple_redux, minmay_tromino_v4_c
D:2:      layout_rooms, minmay_diced_spiral
D:3:      minmay_inner_zag, layout_basic, uniq_jessica
D:4:      layout_loops_ring, uniq_natasha, uniq_duvessa

Notes
Turn   | Place    | Note
-------+----------+-------------------------------------------
     0 | D:1      | zeratav the Octopode Conjurer began the quest for the Orb.
     0 | D:1      | Reached XP level 1. HP: 11/11 MP: 3/3
     0 | D:1      | magus.rc [v1.9.6]
    35 | D:1      | You pick up a book of the Hunter and begin reading...
    35 | D:1      | You add the spells Call Canine Familiar, Portal Projectile
                  | and Leda's Liquefaction to your library.
   200 | D:1      | Reached XP level 2. HP: 17/17 MP: 3/5
   530 | D:1      | Found a faded altar of an unknown god.
   575 | D:1      | Reached skill level 1 in Translocations
   635 | D:1      | Reached XP level 3. HP: 21/21 MP: 3/6
  1671 | D:2      | Reached skill level 5 in Conjurations
  1671 | D:2      | Reached XP level 4. HP: 26/27 MP: 1/7
  1982 | D:3      | Reached skill level 2 in Translocations
  1982 | D:3      | Reached XP level 5. HP: 31/31 MP: 0/9
  2070 | D:3      | Learned a level 4 spell: Iskenderun's Mystic Blast
  2073 | D:3      | Learned a level 2 spell: Searing Ray
  2675 | D:3      | Noticed Jessica
  2713 | D:3      | Killed Jessica
  2714 | D:3      | Reached skill level 3 in Spellcasting
  3137 | D:4      | Reached XP level 6. HP: 36/36 MP: 2/10
  3248 | D:4      | You pick up a book of the Warp and begin reading...
  3248 | D:4      | You add the spells Dispersal and Disjunction to your
                  | library.
  3262 | D:4      | Noticed Natasha
  3362 | D:4      | Reached skill level 6 in Conjurations
  3362 | D:4      | Reached skill level 3 in Translocations
  3366 | D:4      | Killed Natasha
  3535 | D:4      | You add the spells Ozocubu's Armour and Ozocubu's
                  | Refrigeration to your library.
  3544 | D:4      | Noticed a black bear
  3548 | D:4      | Killed a black bear
  3549 | D:4      | Reached XP level 7. HP: 41/41 MP: 6/12
  3945 | D:4      | Noticed Natasha
  3949 | D:4      | Killed Natasha
  3996 | D:4      | Noticed Dowan
  4002 | D:4      | Killed Dowan
  4087 | D:4      | Noticed Duvessa
  4096 | D:4      | HP: 6/41 [Duvessa/+0 short sword (12)]
  4097 | D:4      | Slain by Duvessa

Vanquished Creatures
  A black bear (D:4)
  An ogre (D:4)
  A scorpion (D:4)
  Dowan (D:4)
  An orc priest (D:3)
  A hound (D:4)
  Jessica (D:3)
  An iguana (D:2)
  Natasha (twice) (D:4)
  3 adders
  An ufetubus (D:4)
  3 worms
  A dart slug (D:4)
  9 orcs
  3 endoplasms
  2 giant cockroaches
  7 goblins
  7 hobgoblins
  6 quokkas
  5 ball pythons
  7 bats
  6 frilled lizards
  12 kobolds
  4 rats
86 creatures vanquished.

Table legend:
 A = Non-vault XP
 B = Vault XP
 C = Vault XP percentage of total XP
 D = Non-vault monster count
 E = Vault monster count
 F = Vault count percentage of total count
                 A         B        C        D         E       F
            +---------+---------+-------+---------+---------+-------
      Total |     654 |     158 |  19.5 |      72 |      14 |  16.3
            +---------+---------+-------+---------+---------+-------
        D:1 |      37 |       4 |   9.8 |      25 |       2 |   7.4
        D:2 |      69 |       6 |   8.0 |      10 |       4 |  28.6
        D:3 |     118 |      46 |  28.0 |      24 |       6 |  20.0
        D:4 |     430 |     102 |  19.2 |      13 |       2 |  13.3
            +---------+---------+-------+---------+---------+-------

Illustrated notes

Table legend:
 A = Kills in this place as a percentage of kills in entire the game.
 B = Kills by you in this place as a percentage of kills by you in the entire game.
 C = Kills by friends in this place as a percentage of kills by friends in the entire game.
 D = Other kills in this place as a percentage of other kills in the entire game.
 E = Experience gained in this place as a percentage of experience gained in the entire game.
 F = Experience gained in this place divided by the number of levels of this place that you have seen.
                   A       B       C       D       E      F
               +-------+-------+-------+-------+-------+----------------------
         Total | 100.0 | 100.0 |   N/A |   N/A | 100.0 | 203.0
       Dungeon | 100.0 | 100.0 |   N/A |   N/A | 100.0 | 203.0
               +-------+-------+-------+-------+-------+----------------------

Table legend: (Time is in decaauts)
 A = Elapsed time spent in this place.
 B = Non-inter-level travel time spent in this place.
 C = Inter-level travel time spent in this place.
 D = Time resting spent in this place.
 E = Time spent auto-exploring this place.
 F = Levels seen in this place.
 G = Mean time per level.
                   A        B        C        D        E       F      G
               +--------+--------+--------+--------+--------+-----+--------+
         Total |   4100 |   4059 |     41 |    370 |   3184 |   4 | 1025.0 |
       Dungeon |   4100 |   4059 |     41 |    370 |   3184 |   4 | 1025.0 |
               +--------+--------+--------+--------+--------+-----+--------+

Top non-repeatable levels by time:
     D:3: 1362 daAuts
     D:1: 930 daAuts
     D:2: 913 daAuts
     D:4: 894 daAuts
